 Seeded DCSS version 0.29-a0-542-g075992c915 (webtiles) character file.

Game seed: 7916658277499902898 (custom seed)

431 croobank the Covert (level 6, -6/53 HPs)
             Began as a Gnoll Delver on June 4, 2022.
             Mangled by Duvessa
             ... wielding a +0 short sword
              (15 damage)
             ... on level 5 of the Dungeon.
             The game lasted 00:10:34 (1054 turns).

croobank the Covert (Gnoll Delver)                  Turns: 1054, Time: 00:10:34

Health: -6/53      AC:  3    Str: 11    XL:     6   Next: 99%
Magic:  9/9        EV: 13    Int: 11    God:
Gold:   42         SH:  0    Dex: 14    Spells: 9/9 levels left

rFire   + . .      SeeInvis .   a - +1 hand axe
rCold   . . .      Faith    .   (no shield)
rNeg    . . .      Spirit   .   b - +0 leather armour
rPois   .          Reflect  .   (helmet restricted)
rElec   .          Harm     .   (no cloak)
rCorr   .          Rampage  .   (no gloves)
Will    .....                   (no boots)
Stlth   ++++......              (no amulet)
HPRegen 0.17/turn               (no ring)
MPRegen 0.11/turn               (no ring)

@: no status effects
A: fangs 1, strong nose, distributed training, horns 1, fire resistance 1
a: no special abilities


You were on level 5 of the Dungeon.
You visited 1 branch of the dungeon, and saw 2 of its levels.

You collected 42 gold pieces.

Inventory:

Hand Weapons
 a - a +1 hand axe (weapon)
Armour
 b - a +0 leather armour (worn)
Magical Staves
 i - a staff of cold
Wands
 g - a wand of digging (2)
Scrolls
 c - a scroll of fog
 e - a scroll of fear
Potions
 h - a potion of attraction {unknown}
 j - a potion of flight {unknown}


   Skills:
 + Level 6.9 Fighting
 + Level 2.2 Short Blades
 + Level 2.2 Long Blades
 + Level 5.1 Axes
 + Level 2.2 Maces & Flails
 + Level 2.2 Polearms
 + Level 2.2 Staves
 + Level 2.2 Slings
 + Level 2.2 Bows
 + Level 2.2 Crossbows
 + Level 2.2 Throwing
 + Level 2.2 Armour
 + Level 5.1 Dodging
 + Level 9.8 Stealth
 + Level 2.2 Shields
 + Level 2.2 Unarmed Combat
 + Level 2.2 Spellcasting
 + Level 1.7 Conjurations
 + Level 1.7 Hexes
 + Level 1.7 Summonings
 + Level 1.7 Necromancy
 + Level 1.7 Translocations
 + Level 1.7 Transmutations
 + Level 1.7 Fire Magic
 + Level 1.7 Ice Magic
 + Level 1.7 Air Magic
 + Level 1.7 Earth Magic
 + Level 1.7 Poison Magic
 + Level 2.4 Invocations
 + Level 2.2 Evocations


You had 9 spell levels left.
You didn't know any spells.
Your spell library was empty.

Dungeon Overview and Level Annotations

Branches:
Dungeon (5/15)
 Temple: D:4-7

Altars:
Hepliaklqana

Annotations:
D:5 Duvessa


Innate Abilities, Weirdness & Mutations

You have very sharp teeth.
Your uncanny sense of smell can sniff out nearby items.
Your experience applies equally to all skills.
You have a pair of small horns on your head.
Your flesh is heat resistant. (rF+)


Message History

No target in view!
You start resting.
You are no longer glowing.
Your transformation is almost over.
What are your orders? t - Creak!
Orders for allies: a - Attack new target. r - Retreat! s - Stop attacking. g - Guard the area. f - Follow me.
Anything else - Cancel.
You creak for attention!
What are your orders? t - Creak!
Orders for allies: a - Attack new target. r - Retreat! s - Stop attacking. g - Guard the area. f - Follow me.
Anything else - Cancel.
You creak for attention!
You feel less wooden.
Your +0 leather armour unmelds from your body.
HP restored.
d - a glowing green potion
Things that are here:
a +0 dagger; a +0 robe; the elf corpse of Dowan Duvessa goes berserk!
Duvessa rages.
You see here a poisoned dart.
Okay, then.
Okay, then.
You hit Duvessa but do no damage. Duvessa hits you with a +0 short sword!
Duvessa completely misses you.
You barely miss Duvessa. Duvessa hits you with a +0 short sword!
You can't see any enemies this would affect, really read the scroll of fear?
Okay, then.
It was a potion of mutation.
You feel extremely strange. A pair of horns grows on your head!
You feel resistant to heat.
Duvessa hits you with a +0 short sword!!
* * * LOW HITPOINT WARNING * * *
Duvessa hits you with a +0 short sword!
You die...

####..[...##.....###...#
#.####.##.....##...##
#...##.#.......#.###
#.#.##.#.......#.#
#......#.##.##.#.#
##.......##......##
#.(###..###......#
#..###...........#
#..@e.......##...#** ##
#..###.###.......#*, .#
########......#
#..###..#*, .#
#....)........#
#.......#*, .#
#.#####.#######
#.......#*, #######.#
#.# #.#######*,
........# #.## #.# **
######### #..# ##.##
##.# #...#


You could see Duvessa (berserk).

Vanquished Creatures
  An ogre (D:5)
  A centaur (D:5)
  A phantom (D:5)
  A scorpion (D:5)
  Dowan (D:5)
  A howler monkey (D:5)
  A hound (D:5)
  3 adders (D:5)
  An orc (D:5)
  An endoplasm (D:4)
  A quokka (D:5)
13 creatures vanquished.

Notes
Turn   | Place    | Note
-------+----------+-------------------------------------------
     0 | D:5      | Reached skill level 9 in Stealth
     0 | D:5      | croobank the Gnoll Delver began the quest for the Orb.
     0 | D:5      | Reached XP level 1. HP: 23/23 MP: 1/1
    38 | D:5      | Reached XP level 2. HP: 22/29 MP: 2/2
   188 | D:5      | Noticed a howler monkey
   196 | D:5      | Killed a howler monkey
   197 | D:5      | Reached skill level 1 in Invocations
   197 | D:5      | Reached XP level 3. HP: 35/35 MP: 2/4
   202 | D:5      | Noticed a phantom
   205 | D:5      | Noticed a scorpion
   244 | D:4      | Noticed a scorpion
   249 | D:4      | Found a hazy altar of Hepliaklqana.
   257 | D:4      | Reached skill level 1 in Short Blades
   257 | D:4      | Reached skill level 1 in Long Blades
   257 | D:4      | Reached skill level 1 in Maces & Flails
   257 | D:4      | Reached skill level 1 in Polearms
   257 | D:4      | Reached skill level 1 in Staves
   257 | D:4      | Reached skill level 1 in Slings
   257 | D:4      | Reached skill level 1 in Bows
   257 | D:4      | Reached skill level 1 in Crossbows
   257 | D:4      | Reached skill level 1 in Throwing
   257 | D:4      | Reached skill level 1 in Armour
   257 | D:4      | Reached skill level 1 in Shields
   257 | D:4      | Reached skill level 1 in Unarmed Combat
   257 | D:4      | Reached skill level 1 in Spellcasting
   257 | D:4      | Reached skill level 1 in Evocations
   267 | D:4      | You fall into a shaft and drop 1 floor!
   280 | D:5      | Killed a phantom
   281 | D:5      | Reached skill level 1 in Conjurations
   281 | D:5      | Reached skill level 1 in Hexes
   281 | D:5      | Reached skill level 1 in Summonings
   281 | D:5      | Reached skill level 1 in Necromancy
   281 | D:5      | Reached skill level 1 in Translocations
   281 | D:5      | Reached skill level 1 in Transmutations
   281 | D:5      | Reached skill level 1 in Fire Magic
   281 | D:5      | Reached skill level 1 in Ice Magic
   281 | D:5      | Reached skill level 1 in Air Magic
   281 | D:5      | Reached skill level 1 in Earth Magic
   281 | D:5      | Reached skill level 1 in Poison Magic
   281 | D:5      | Reached XP level 4. HP: 40/41 MP: 5/5
   281 | D:5      | Reached XP level 5. HP: 46/47 MP: 6/6
   437 | D:5      | Noticed a centaur
   497 | D:5      | Reached XP level 6. HP: 27/53 MP: 8/8
   752 | D:5      | Reached skill level 5 in Axes
   752 | D:5      | Reached skill level 5 in Dodging
   938 | D:5      | Noticed Dowan
   940 | D:5      | Noticed Duvessa
   958 | D:5      | Killed Dowan
  1054 | D:5      | Gained mutation: You have a pair of small horns on your
                  | head. [potion of mutation]
  1054 | D:5      | Gained mutation: Your flesh is heat resistant. (rF+)
                  | [potion of mutation]
  1054 | D:5      | Mangled by Duvessa

Illustrated notes

Levels and vault maps discovered:
D:4:      layout_cave_pools, lemuel_round_altar, enter_ossuary_1,
          minmay_misc_feat_encased
D:5:      kennysheep_windowed_halls, layout_loops_cross, uniq_duvessa

Skill      XL: |  1  2  3  4  5  6 |
---------------+-------------------+-----
Stealth        | |  9.8
Invocations    | 1 2 |  2.4
Short Blades   | 1 2 |  2.2
Long Blades    | 1 2 |  2.2
Maces & Flails | 1 2 |  2.2
Polearms       | 1 2 |  2.2
Staves         | 1 2 |  2.2
Slings         | 1 2 |  2.2
Bows           | 1 2 |  2.2
Crossbows      | 1 2 |  2.2
Throwing       | 1 2 |  2.2
Armour         | 1 2 |  2.2
Shields        | 1 2 |  2.2
Unarmed Combat | 1 2 |  2.2
Spellcasting   | 1 2 |  2.2
Evocations     | 1 2 |  2.2
Conjurations   | 1 |  1.7
Hexes          | 1 |  1.7
Summonings     | 1 |  1.7
Necromancy     | 1 |  1.7
Translocations | 1 |  1.7
Transmutations | 1 |  1.7
Fire Magic     | 1 |  1.7
Ice Magic      | 1 |  1.7
Air Magic      | 1 |  1.7
Earth Magic    | 1 |  1.7
Poison Magic   | 1 |  1.7
Axes           | 5 |  5.1
Dodging        | 5 |  5.1
Fighting       | |  6.9

Action                   |  1- 3 |  4- 6 || total
-------------------------+-------+-------++-------
Melee: Hand axe          |    17 |    39 ||    56
       Bite              |     4 |     3 ||     7
       Punch             |       |     1 ||     1
Throw: Dart              |       |     4 ||     4
Evoke: Wand              |     9 |     7 ||    16
  Use: Scroll            |     2 |     1 ||     3
       Potion            |     1 |     2 ||     3
 Stab: Sleeping          |     2 |     1 ||     3
       Distracted        |       |     1 ||     1
Armor: Leather armour    |     4 |     7 ||    11
       Skin              |       |     5 ||     5
Dodge: Dodged            |    13 |    39 ||    52

Table legend: (Time is in decaauts)
 A = Elapsed time spent in this place.
 B = Non-inter-level travel time spent in this place.
 C = Inter-level travel time spent in this place.
 D = Time resting spent in this place.
 E = Time spent auto-exploring this place.
 F = Levels seen in this place.
 G = Mean time per level.
                   A        B        C        D        E       F      G
               +--------+--------+--------+--------+--------+-----+--------+
         Total |   1044 |   1044 |      0 |    270 |    523 |   2 |  522.0 |
       Dungeon |   1044 |   1044 |      0 |    270 |    523 |   2 |  522.0 |
               +--------+--------+--------+--------+--------+-----+--------+

Top non-repeatable levels by time:
     D:5: 1018 daAuts
     D:4: 25 daAuts
